 Dungeon Crawl Stone Soup version 0.21-a0-273-g0785366 (webtiles) character file.

7683 nikopol the Thaumaturge (level 11, -7/56 HPs)
             Began as a Deep Elf Fire Elementalist on Sept 17, 2017.
             Was a Priest of Vehumet.
             Mangled by a necrophage (8 damage)
             ... on level 10 of the Dungeon.
             The game lasted 00:58:32 (11116 turns).

nikopol the Thaumaturge (DEFE)                     Turns: 11116, Time: 00:58:33

Health: -7/56      AC:  9    Str:  5    XL:     11   Next: 0%
Magic:  29/29      EV: 15    Int: 24    God:    Vehumet [***...]
Gold:   442        SH:  0    Dex: 18    Spells: 19/35 levels left

rFire    + . .     SeeInvis .   m - staff of fire (curse)
rCold    . . .     Gourm    .   (no shield)
rNeg     . . .     Faith    .   a - +0 robe
rPois    .         Spirit   .   y - +2 helmet
rElec    .         Reflect  .   U - +0 cloak
rCorr    .         Harm     .   L - +2 pair of gloves
MR       +....                  (no boots)
Stlth    +.........             I - amulet of magic regeneration
HPRegen  0.18/turn              F - +3 ring of dexterity
MPRegen  0.46/turn              s - ring of flight

@: confused
A: no striking features
a: Renounce Religion, Evoke Flight


You were on level 10 of the Dungeon.
You worshipped Vehumet.
Vehumet was most pleased with you.
You were hungry.

You visited 2 branches of the dungeon, and saw 11 of its levels.

You collected 442 gold pieces.

Inventory:

Hand Weapons
 u - a +1 short sword of electrocution
Armour
 a - a +0 robe (worn)
 y - a +2 helmet (worn)
 L - a +2 pair of gloves (worn)
 U - a +0 cloak (worn)
Magical Staves
 m - a cursed staff of fire (weapon)
Jewellery
 s - a ring of flight (right hand)
 F - a +3 ring of dexterity (left hand)
 I - an amulet of magic regeneration (around neck)
Wands
 h - a wand of enslavement (8/24)
 D - a wand of confusion (24/48)
 E - a wand of lightning (1/15)
 J - a wand of iceblast (1/15)
 P - a wand of clouds (3/9)
 R - a wand of iceblast (4/15)
Scrolls
 d - 5 scrolls of teleportation
 i - a scroll of immolation {unknown}
 j - 2 scrolls of noise {unknown}
 o - a scroll of blinking {unknown}
 r - 4 scrolls of enchant armour {unknown}
 v - 2 scrolls of recharging {unknown}
 w - 2 scrolls of remove curse
 B - 2 scrolls of fear
 H - a scroll of random uselessness {unknown}
 S - a scroll of amnesia {unknown}
 V - a scroll of magic mapping {unknown}
Potions
 e - a potion of magic
 f - a potion of resistance {unknown}
 g - 4 potions of lignification
 k - 2 potions of degeneration
 n - 2 potions of haste
 q - a potion of might {unknown}
 t - 4 potions of curing
 x - 3 potions of agility
 A - 2 potions of mutation
 C - a potion of heal wounds {unknown}
 G - a potion of ambrosia {unknown}
 O - 2 potions of invisibility
Books
 b - a book of Flames

   Spells                             Type                      Level
   a - Flame Tongue                   Conjuration/Fire             1
   b - Throw Flame                    Conjuration/Fire             2
   c - Conjure Flame                  Conjuration/Fire             3
   d - Inner Flame                    Hexes/Fire                   3
   e - Sticky Flame                   Conjuration/Fire             4
   f - Fireball                       Conjuration/Fire             5
 T - the Reference Book on Ignition and Transformation
   (You found it on level 9 of the Dungeon)

   Spells                             Type                      Level
   a - Flame Tongue                   Conjuration/Fire             1
   b - Statue Form                    Transmutation/Earth          6
   c - Dragon Form                    Transmutation                7
Comestibles
 c - 10 bread rations
 l - 7 meat rations
 p - 4 royal jellies
 N - 5 fruits


   Skills:
 + Level 1.4 Fighting
 + Level 4.2 Dodging
 + Level 4.1 Stealth
 + Level 12.7 Spellcasting
 + Level 10.3 Conjurations
 + Level 10.4 Fire Magic
 + Level 0.4 Air Magic


You had 19 spell levels left.
You knew the following spells:

 Your Spells              Type           Power        Failure   Level  Hunger
a - Flame Tongue          Conj/Fire      #####        1%          1    None
b - Throw Flame           Conj/Fire      ######       1%          2    None
c - Conjure Flame         Conj/Fire      #######.     1%          3    None
d - Fireball              Conj/Fire      #######...   1%          5    ###....
e - Magic Dart            Conj           ####         1%          1    None
f - Airstrike             Air            ###.......   9%          4    None


Dungeon Overview and Level Annotations

Branches:
Dungeon (10/15)            Temple (1/1) D:4
   Lair: D:8-11         Orc: D:9-12

Altars:
Ashenzari
Cheibriados
Dithmenos
Elyvilon
Fedhas
Gozag
Hepliaklqana
Kikubaaqudgha
Makhleb
Nemelex Xobeh
Okawaru
Qazlal
Ru
Sif Muna
Trog
Uskayaw
Vehumet
Wu Jian
Xom
Zin
The Shining One

Shops:
D:8 *


Message History

The orc priest mumbles some strange prayers to Beogh against you.
Reactivating autopickup.
You have reached level 11!
You feel a bit more experienced.
You're too confused to move!
The yak closely misses you.
The orc priest calls down the wrath of Beogh upon you.
Beogh smites you!
* * * LOW HITPOINT WARNING * * *
The necrophage barely misses you.
You hit the yak.
The yak is lightly wounded.
The yak completely misses you. The orc priest completely misses you.
The necrophage closely misses you. The yak barely misses you.
You bump into the rock wall.
The orc priest misses you. The necrophage barely misses you.
The yak gores you but does no damage.
You barely miss the necrophage. The necrophage barely misses you.
The orc priest barely misses you. The yak gores you.
* * * LOW HITPOINT WARNING * * *
You bump into the rock wall.
The necrophage hits you!
You die...

..........# ..........#
########n.# #..# #..# #..#
#. #####################..#
...........Yo..)..........#
..........@no.............#
....#####################.#
..........................#
_.........................#
...##.....................#
#...################..#
#...# #..# #...# #..#
#####...################..#


You could see a yak, a necrophage, an orc priest and an orc.

Vanquished Creatures
  A two-headed ogre (D:8)
  A gargoyle (D:10)
  A hippogriff (D:7)
  6 yaks
  3 hogs (D:7)
  A human (D:7)
  A hungry ghost (D:7)
  2 chaos spawn (D:10)
  A soldier ant (D:10)
  3 water moccasins
  3 orc warriors (D:10)
  2 ice beasts
  A sky beast (D:6)
  4 ogres
  2 phantoms
  5 centaurs
  2 big kobolds
  6 bullfrogs
  A gnoll sergeant (D:6)
  A scorpion (D:9)
  5 wights (D:7)
  3 electric eels
  5 howler monkeys
  3 crimson imps
  A bullfrog zombie (D:9)
  A centaur zombie (D:9)
  3 quasits
  4 orc priests
  4 hounds
  3 jellies
  A bullfrog skeleton (D:8)
  A gnoll shaman (D:8)
  8 orc wizards
  2 centaur skeletons
  Ijyb (D:4)
  6 worker ants
  A killer bee zombie (D:5)
  A hound skeleton (D:9)
  A worker ant zombie (D:8)
  8 gnolls
  10 adders
  2 shadow imps
  An ooze (D:3)
  3 adder skeletons
  A worm (D:2)
  4 dart slugs
  8 leopard geckos
  23 orcs
  5 ball pythons
  2 giant cockroaches
  17 goblins
  3 hobgoblins
  7 jackals
  14 kobolds
  7 bats
  6 frilled lizards
  2 giant cockroach zombies
  A leopard gecko skeleton (D:6)
  A leopard gecko zombie (D:8)
  8 rats
234 creatures vanquished.

Vanquished Creatures (others)
  An orc wizard (D:10)
1 creature vanquished.

Grand Total: 235 creatures vanquished

Notes
Turn   | Place    | Note
-------+----------+-------------------------------------------
     0 | D:1      | nikopol the Deep Elf Fire Elementalist began the quest for the Orb.
     0 | D:1      | Reached XP level 1. HP: 10/10 MP: 6/6
   370 | D:1      | Reached XP level 2. HP: 15/15 MP: 1/8
  1086 | D:1      | Reached XP level 3. HP: 15/19 MP: 5/9
  1090 | D:1      | Learned a level 2 spell: Throw Flame
  1094 | D:1      | Learned a level 3 spell: Conjure Flame
  1788 | D:2      | Found a glowing silver altar of Zin.
  1789 | D:2      | Found a snail-covered altar of Cheibriados.
  1986 | D:3      | Reached XP level 4. HP: 24/24 MP: 8/11
  2465 | D:3      | Reached skill level 4 in Spellcasting
  2571 | D:3      | You fall through a shaft for 2 floors!
  2571 | D:5      | Entered Level 5 of the Dungeon
  2730 | D:4      | Reached XP level 5. HP: 28/28 MP: 10/13
  2754 | D:4      | Found a glowing golden altar of the Shining One.
  3128 | D:4      | Reached skill level 5 in Spellcasting
  3276 | D:4      | Learned a level 5 spell: Fireball
  3367 | D:4      | Found a staircase to the Ecumenical Temple.
  3401 | Temple   | Entered the Ecumenical Temple
  3434 | Temple   | Became a worshipper of Vehumet
  3642 | D:4      | Noticed Ijyb
  3648 | D:4      | Killed Ijyb
  3648 | D:4      | Reached skill level 5 in Fire Magic
  3648 | D:4      | Reached XP level 6. HP: 33/33 MP: 9/15
  4441 | D:5      | Reached XP level 7. HP: 36/37 MP: 11/17
  4925 | D:6      | Reached skill level 6 in Spellcasting
  5059 | D:6      | Found a radiant altar of Vehumet.
  5080 | D:6      | Reached skill level 5 in Conjurations
  5540 | D:6      | Reached skill level 7 in Spellcasting
  5656 | D:6      | Found a hide-covered altar of Uskayaw.
  5679 | D:6      | Reached XP level 8. HP: 42/42 MP: 12/20
  5798 | D:6      | Reached * piety under Vehumet
  5798 | D:6      | Offered knowledge of Freeze by Vehumet.
  5966 | D:7      | Noticed a hippogriff
  5979 | D:7      | Killed a hippogriff
  5987 | D:7      | Reached skill level 8 in Spellcasting
  6202 | D:7      | Reached skill level 1 in Fighting
  6337 | D:7      | Found an iron altar of Okawaru.
  6405 | D:7      | Reached skill level 9 in Spellcasting
  6634 | D:7      | Reached XP level 9. HP: 47/47 MP: 19/24
  6727 | D:7      | Offered knowledge of Magic Dart by Vehumet.
  6729 | D:7      | Reached ** piety under Vehumet
  6729 | D:7      | Reached skill level 10 in Spellcasting
  7176 | D:8      | Found a white marble altar of Elyvilon.
  7176 | D:8      | Noticed a two-headed ogre
  7200 | D:8      | Killed a two-headed ogre
  7298 | D:8      | Reached skill level 11 in Spellcasting
  7423 | D:8      | Reached XP level 10. HP: 48/52 MP: 17/27
  7542 | D:8      | Found Fenuere's Serpentskin Sales.
  7556 | D:8      | Found a burning altar of Makhleb.
  7593 | D:8      | Learned a level 1 spell: Magic Dart
  7730 | D:8      | Found a shimmering altar of Xom.
  7880 | D:8      | Found a stormy altar of Qazlal.
  8631 | D:9      | Identified the Reference Book on Ignition and Transformation
  8935 | D:9      | Found a burning altar of Makhleb.
  9008 | D:9      | Offered knowledge of Searing Ray by Vehumet.
  9724 | D:9      | Reached *** piety under Vehumet
 10047 | D:10     | Entered Level 10 of the Dungeon
 10113 | D:10     | Reached skill level 12 in Spellcasting
 10234 | D:10     | Reached skill level 10 in Fire Magic
 10419 | D:10     | Reached skill level 10 in Conjurations
 10565 | D:10     | Offered knowledge of Airstrike by Vehumet.
 10571 | D:10     | Learned a level 4 spell: Airstrike
 10724 | D:10     | Noticed a gargoyle
 10810 | D:10     | Killed a gargoyle
 10943 | D:10     | Found a deep blue altar of Sif Muna.
 11068 | D:10     | Found the +0 mace of Variability {chaos}
 11107 | D:10     | Reached XP level 11. HP: 20/56 MP: 29/29
 11115 | D:10     | HP: 1/56 [yak (5)]
 11116 | D:10     | Mangled by a necrophage

Vault maps used:
D:1:      dpeg_arrival_water_fire
D:2:      nicolae_overflow_hidden_temple, kennysheep_generic_room_13
D:4:      kennysheep_the_goblin_king, tso_metal_star, minmay_temple_entry_glass,
          uniq_ijyb
D:5:      kennysheep_spiral_hall, first_bread, nicolae_sextant,
          serial_park_tiny_pond
D:6:      eat_drink_and_be_merry_uskayaw, serial_bayou, serial_bayou_pond_a,
          basic_altar
D:7:      okawaru_ov_weapons_minmay, grunt_livestock
D:8:      kennysheep_little_box, old_standard_altar, elyvilon_altar_5,
          marbit_many_paths, serial_bayou_lagoon_a, minivault_23, st_stairs_14,
          minmay_misc_feat_columns, guppyfry_shop_venom
D:9:      makhleb_heckhound_becter
D:10:     erik_orc_2, basic_altar, minmay_guarded_unrand_variability
Temple:   minmay_temple_bridge_abc

Skill      XL: |  1  2  3  4  5  6  7  8  9 10 |
---------------+-------------------------------+-----
Fire Magic     | 4 5 6 7 9 10 | 10.4
Stealth        | 3 4 |  4.1
Conjurations   | 2 3 4 5 7 8 10 | 10.3
Spellcasting   | 4 5 7 9 11 12 | 12.7
Dodging        | 3 4 |  4.2
Fighting       | 1 |  1.4
Air Magic      | |  0.4

Action                   |  1- 3 |  4- 6 |  7- 9 | 10-12 || total
-------------------------+-------+-------+-------+-------++-------
Melee: Short sword       |       |       |     8 |       ||     8
       Staff             |       |       |       |     3 ||     3
 Cast: Flame Tongue      |    76 |   105 |   208 |   173 ||   562
       Throw Flame       |     1 |     5 |    16 |    58 ||    80
       Conjure Flame     |       |       |    10 |     8 ||    18
       Fireball          |       |       |     2 |    10 ||    12
       Magic Dart        |       |       |       |    13 ||    13
       Airstrike         |       |       |       |     2 ||     2
  Use: Scroll            |       |       |     9 |     6 ||    15
  Eat: Chunk             |     2 |     8 |    12 |     7 ||    29
       Royal jelly       |       |       |       |     2 ||     2
Armor: Robe              |     5 |    15 |    20 |    26 ||    66
Dodge: Dodged            |    11 |    29 |    50 |    76 ||   166

Table legend:
 A = Spawn XP
 B = Non-spawn XP
 C = Spawn XP percentage of total XP
 D = Spawn monster count
 E = Non-spawn monster count
 F = Spawn count percentage of total count
 G = Total turns spent on level
                    A         B        C        D         E        F      G
               +---------+---------+-------+---------+---------+-------+---------
         Total |       0 |   10976 |   0.0 |       0 |     235 |   0.0 | 11116
               +---------+---------+-------+---------+---------+-------+---------
           D:1 |       0 |      40 |   0.0 |       0 |      23 |   0.0 |  1116
           D:2 |       0 |      47 |   0.0 |       0 |      23 |   0.0 |   790
           D:3 |       0 |     130 |   0.0 |       0 |      17 |   0.0 |  1059
           D:4 |       0 |     193 |   0.0 |       0 |      19 |   0.0 |   665
           D:5 |       0 |     365 |   0.0 |       0 |      11 |   0.0 |  1067
           D:6 |       0 |     770 |   0.0 |       0 |      17 |   0.0 |  1076
           D:7 |       0 |    2516 |   0.0 |       0 |      31 |   0.0 |  1222
           D:8 |       0 |    1794 |   0.0 |       0 |      23 |   0.0 |  1533
           D:9 |       0 |    1646 |   0.0 |       0 |      31 |   0.0 |  1491
          D:10 |       0 |    3475 |   0.0 |       0 |      40 |   0.0 |  1024
               +---------+---------+-------+---------+---------+-------+---------
